 Dungeon Crawl Stone Soup version 0.30-a0-341-g682706514a (webtiles) character file.

Game seed: 14505864713549927551

29 DeathPants the Slasher (level 3, -12/33 HPs)
             Began as a Minotaur Monk on Nov 3, 2022.
             Shot with a sling bullet by a goblin (16 damage)
             ... on level 2 of the Dungeon.
             The game lasted 00:02:27 (549 turns).

DeathPants the Slasher (Minotaur Monk)               Turns: 549, Time: 00:02:28

Health: -12/33     AC:  3    Str: 15    XL:     3   Next: 1%
Magic:  2/2        EV: 12    Int:  7    God:
Gold:   27         SH:  0    Dex: 14    Spells: 2/2 levels left

rFire   . . .      SeeInvis .    a - +0 falchion
rCold   . . .      Faith    .    (no shield)
rNeg    . . .      Spirit   .    e - +0 leather armour
rPois   .          Reflect  .    (helmet restricted)
rElec   .          Harm     .    (no cloak)
rCorr   .          Rampage  .    (no gloves)
Will    .....                    (no boots)
Stlth   ++........               (no amulet)
HPRegen 0.25/turn                (no ring)
MPRegen 0.08/turn                (no ring)

@: no status effects
A: horns 2, retaliatory headbutt
a: no special abilities


You were on level 2 of the Dungeon.
You visited 1 branch of the dungeon, and saw 2 of its levels.

You collected 27 gold pieces.

Inventory:

Hand Weapons
 a - a +0 falchion (weapon)
Armour
 e - a +0 leather armour (worn)
Scrolls
 b - a scroll of enchant armour {unknown}
 d - 3 scrolls of identify {unknown}
 f - 2 scrolls of amnesia {unknown}
Potions
 c - a potion of ambrosia


   Skills:
 + Level 3.9 Fighting
 * Level 4.2 Long Blades
 + Level 3.6 Dodging
 + Level 2.0 Stealth


You had 2 spell levels left.
You didn't know any spells.
Your spell library contained the following spells:

 Spells                   Type           Power      Damage    Failure   Level
 Ozocubu's Armour         Ice            0%         N/A       86%         3
 Ozocubu's Refrigeration  Ice            0%         4d7       100%        7


Dungeon Overview and Level Annotations

Branches:
Dungeon (2/15)

Altars:


Innate Abilities, Weirdness & Mutations

You have a pair of horns on your head.
You reflexively headbutt those who attack you in melee.


Message History

You headbutt the ball python.
You kill the ball python!
You have reached level 3!
Your experience leads to an increase in your attributes!
Increase (S)trength, (I)ntelligence, or (D)exterity?
You feel agile. x2
f - 2 scrolls labelled ROSIYNI ETIMOZA (gained 1)
You see here a quokka corpse.
Found 5 stones.
There is a stone staircase leading down here.
You start resting.
HP restored.
You climb downwards.
Found four items.
There is a stone staircase leading up here.
The bat barely misses you. You furiously retaliate!
You headbutt the bat!
You kill the bat!
A goblin comes into view. It is wielding a +0 dagger.
The goblin shouts!
The goblin unwields a +0 dagger.
The goblin wields a +1 sling of electrocution.
You hear the crackle of electricity.
The goblin shoots a sling bullet.
The sling bullet misses you.
The goblin shoots a sling bullet.
The sling bullet completely misses you.
You hear a shout!
The goblin shoots a sling bullet.
The sling bullet misses you.
The goblin shoots a sling bullet.
The sling bullet closely misses you.
A hobgoblin comes into view.
The goblin shoots a sling bullet.
The sling bullet hits you.
You are electrocuted!!
Ouch! That really hurt!
* * * LOW HITPOINT WARNING * * *
The goblin shoots a sling bullet.
The sling bullet hits you but does no damage.
The goblin shoots a sling bullet.
The sling bullet hits you.
* * * LOW HITPOINT WARNING * * *
The goblin shoots a sling bullet.
The sling bullet hits you.
* * * LOW HITPOINT WARNING * * *
You are electrocuted!
You die...

.. .(. .... #...#
....#
..#######....#######
#.........!# #.....#
#.....@$..# #.....#
#....†...## #.....#
#...?...## #.....#
#.......# #.....#
#.g.....# #.....#
#..###### #.<...#
#.g# #.....# ...
.....##### ###..


You could see a hobgoblin and a goblin.

Vanquished Creatures
  A gnoll (D:1)
  An endoplasm (D:1)
  3 giant cockroaches (D:1)
  A hobgoblin (D:2)
  A jackal (D:1)
  3 kobolds (D:1)
  A quokka (D:1)
  2 ball pythons
  2 bats
  A frilled lizard (D:2)
  A goblin (D:1)
  A rat (D:1)
18 creatures vanquished.

Notes
Turn   | Place    | Note
-------+----------+-------------------------------------------
     0 | D:1      | DeathPants the Minotaur Monk began the quest for the Orb.
     0 | D:1      | Reached XP level 1. HP: 19/19 MP: 0/0
   159 | D:1      | Reached XP level 2. HP: 27/27 MP: 1/1
   162 | D:1      | Reached skill level 4 in Long Blades
   502 | D:1      | Reached XP level 3. HP: 24/33 MP: 2/2
   549 | D:2      | Shot with a sling bullet by a goblin

Illustrated notes

Levels and vault maps discovered:
D:1:      dpeg_arrival_round_a, layout_basic, st_stairs_1,
          minmay_misc_feat_columns, hangedman_decor_riveting,
          nicolae_concentric_dashed_squares_wild
D:2:      layout_rooms

Skill      XL: |  1  2 |
---------------+-------+-----
Long Blades    | 4 |  4.2
Stealth        | 2 |  2.0
Fighting       | |  3.9
Dodging        | |  3.6

Action                   || total
-------------------------++-------
Melee: Falchion          ||    36
       Headbutt          ||     5
 Stab: Sleeping          ||     1
Armor: Robe              ||     2
       Leather armour    ||     5
Dodge: Dodged            ||    28

Table legend: (Time is in decaauts)
 A = Elapsed time spent in this place.
 B = Non-inter-level travel time spent in this place.
 C = Inter-level travel time spent in this place.
 D = Time resting spent in this place.
 E = Time spent auto-exploring this place.
 F = Levels seen in this place.
 G = Mean time per level.
                   A        B        C        D        E       F      G
               +--------+--------+--------+--------+--------+-----+--------+
         Total |    553 |    553 |      0 |     17 |    344 |   2 |  276.5 |
       Dungeon |    553 |    553 |      0 |     17 |    344 |   2 |  276.5 |
               +--------+--------+--------+--------+--------+-----+--------+

Top non-repeatable levels by time:
     D:1: 520 daAuts
     D:2: 33 daAuts
